AoeStats
← cisi1982

Arabia

508200394Analyzed
1v1 RM · 11d ago on Sep 21, 2026· 40m 9s· 2 players
Game mode
Random Map
Map size
Tiny (2 player)
Population
200
Speed
Normal
Resources
Standard
Victory
Conquest
Starting age
Dark Age
Ending age
Imperial Age
RankedLock teamsTeams togetherTeam positionsShared explorationLock speedFull tech treeHidden civsTurbo modeCheats
Victory
Defeat
🇧🇷 Cumans · Brazil
878
+16
🇨🇿 Mongols · Czechia
884
-16
Magus :P
8:29 Loom
10:58 Feudal Age
12:13 Double-Bit Axe
12:10 Horse Collar
22:08 Fletching
27:48 Castle Age
26:56 Wheelbarrow
27:26 Bloodlines
27:23 Scale Barding Armor
27:29 Forging
29:10 Hand Cart
28:31 Elite Skirmisher
30:07 Padded Archer Armor
32:10 Gold Mining
32:11 Stone Mining
34:04 Chain Barding Armor
35:00 Leather Archer Armor
34:42 Bodkin Arrow
35:23 Iron Casting
37:33 Capped Ram
cisi1982
10:23 Feudal Age
8:40 Loom
14:39 Castle Age
13:02 Double-Bit Axe
25:09 Bow Saw
28:58 Fletching
33:27 Husbandry
35:03 Padded Archer Armor
Connection lost

Rejoining the realm…

Still unreachable

The connection could not be restored.

Session expired

The server has moved on; the page needs a fresh start.